 Dungeon Crawl Stone Soup version 0.30-b1-2-g02819fbbbe (webtiles) character file.

Game seed: 3505580864499163084

274878 manyhoops the Earth Mage (level 19, -8/153 (160) HPs)
             Began as a Demigod Earth Elementalist on Nov 24, 2023.
             Shot with an arrow by a deep elf master archer (35 damage)
             ... on level 3 of the Elven Halls.
             The game lasted 01:53:05 (50471 turns).

manyhoops the Earth Mage (DgEE)                    Turns: 50471, Time: 01:53:06

HP:   -8/153 (160)  AC: 19    Str:  9    XL:     19   Next: 16%
MP:   11/60         EV: 14    Int: 41    God:
Gold: 1337          SH:  9    Dex: 14    Spells: 8/44 levels left

rFire   + + .        t - +6 scimitar of Giegy {elec, rF+ MP+9 Stlth+}
rCold   + . .        X - +3 buckler of Gozag's Pride {rPois rN+ Will+ Slay-5}
rNeg    + . .        w - +3 troll leather armour
rPois   +            S - +2 hat
rElec   .            H - scarf {rC+ rF+}
rCorr   .            a - +2 pair of gloves
SInv    .            M - +2 pair of boots
Will    ++...        j - amulet of magic regeneration
Stlth   ++++++       i - ring of magical power
HPRegen 1.25/turn    V - +4 ring of protection
MPRegen 0.77/turn

%: no passive effects
@: lightly drained
A: high MP 1, forlorn, divine attributes, horns 1
}: 1/15 runes: decaying
a: no special abilities


You were on level 3 of the Elven Halls.
You visited 6 branches of the dungeon, and saw 30 of its levels.
You also visited: Bailey, Ice Cave and Desolation.

You collected 5059 gold pieces.
You spent 3722 gold pieces at shops.

Inventory:

Hand Weapons
 t - the +6 scimitar of Giegy (weapon) {elec, rF+ MP+9 Stlth+}
   (You found it in the Desolation of Salt)

   rF:        It protects you from fire.
   MP:        It affects your magic capacity (+9).
   Stlth:     It makes you more stealthy.
Armour
 a - a +2 pair of gloves (worn)
 w - a +3 troll leather armour (worn)
 y - a +2 cloak of stealth
 G - a +2 robe of cold resistance
 H - a scarf of resistance (worn)
 M - a +2 pair of boots (worn)
 R - a +0 pair of gloves of stealth
 S - a +2 hat (worn)
 X - the +3 buckler of Gozag's Pride (worn) {rPois rN+ Will+ Slay-5}
   (You acquired it on level 12 of the Dungeon)

   Slay:      It affects your accuracy & damage with ranged weapons and melee
   (-5).
   rPois:     It protects you from poison.
   rN:        It protects you from negative energy.
   Will:      It increases your willpower.
Magical Staves
 W - a staff of earth
Jewellery
 e - a ring of ice
 g - the ring "Xicar" {rF+ Dex+2 Slay+3}
   (You found it in the Desolation of Salt)

   [ring of protection from fire]

   Dex:       It affects your dexterity (+2).
   Slay:      It affects your accuracy & damage with ranged weapons and melee
   (+3).
   rF:        It protects you from fire.
 i - a ring of magical power (left hand)
 j - an amulet of magic regeneration (around neck)
 l - the amulet of the Inquisitive Quests {rF+ Regen+}
   (You found it on level 1 of the Orcish Mines)

   [amulet of regeneration]

   rF:        It protects you from fire.
   Regen:     It increases your rate of health regeneration.
 o - a ring of protection from fire
 T - an amulet of reflection
 U - a ring of flight
 V - a +4 ring of protection (right hand)
 Z - a ring of wizardry
Wands
 u - a wand of flame (57)
 z - a wand of iceblast (31)
 E - a wand of charming (7)
 J - a wand of digging (16)
 K - a wand of mindburst (6)
 Y - a wand of polymorph (20)
Scrolls
 b - 6 scrolls of fear
 d - 4 scrolls of poison
 k - 2 scrolls of teleportation
 m - 6 scrolls of immolation
 n - 7 scrolls of fog
 s - 5 scrolls of magic mapping
 I - 2 scrolls of summoning
 O - 4 scrolls of silence
 Q - 2 scrolls of blinking
Potions
 c - 8 potions of attraction
 f - 2 potions of brilliance
 p - 2 potions of invisibility
 q - 2 potions of lignification
 r - 7 potions of ambrosia
 v - 17 potions of curing
 x - a potion of haste
 A - 3 potions of flight
 B - 4 potions of mutation
 C - 3 potions of magic
 D - 4 potions of heal wounds
 F - 2 potions of cancellation
 L - 4 potions of berserk rage
 N - 8 potions of might
Miscellaneous
 h - a condenser vane
 P - a phantom mirror


   Skills:
 - Level 12.0 Fighting
 - Level 7.0 Dodging
 - Level 14.0 Stealth
 - Level 6.9 Shields
 - Level 13.4 Spellcasting
 + Level 9.6 Conjurations
 - Level 5.0 Hexes
 - Level 1.6 Summonings
 - Level 0.8 Transmutations
 - Level 1.6 Air Magic
 - Level 18.1 Earth Magic
 - Level 9.2 Evocations


You had 8 spell levels left.
You knew the following spells:

 Your Spells              Type           Power      Damage    Failure   Level
a - Sandblast             Erth           100%       2d20      0%          1
b - Passwall              Tmut/Erth      67%        N/A       1%          2
c - Stone Arrow           Conj/Erth      100%       3d13      1%          3
d - Petrify               Tmut/Erth      81%        N/A       1%          4
e - Cause Fear            Hex            31%        N/A       3%          4
f - Lee's Rapid Deconstr  Erth           54%        3d25*     1%          5
g - Borgnjor's Vile Clut  Necr/Erth      40%        N/A       1%          5
h - Mephitic Cloud        Conj/Pois/Air  55%        N/A       1%          3
i - Inner Flame           Hex/Fire       48%        N/A       2%          3
v - Iron Shot             Conj/Erth      48%        9d9       1%          6

Your spell library contained the following spells:

 Spells                   Type           Power      Damage    Failure   Level
 Kiss of Death            Conj/Necr      100%       2d13      1%          1
 Sting                    Tmut/Pois      100%       1d8       1%          1
 Summon Small Mammal      Summ           100%       N/A       1%          1
 Ensorcelled Hibernation  Hex/Ice        96%        N/A       1%          2
 Static Discharge         Conj/Air       100%       2-7/arc   1%          2
 Confusing Touch          Hex            62%        N/A       1%          3
 Summon Guardian Golem    Hex/Summ       53%        N/A       1%          3
 Tukima's Dance           Hex            62%        N/A       1%          3
 Animate Armour           Summ/Erth      100%       N/A       1%          4
 Apportation              Tloc           54%        N/A       2%          1
 Cigotuvi's Dreadful Rot  Necr/Pois/Air  62%        N/A       2%          2
 Poisonous Vapours        Pois/Air       68%        N/A       2%          2
 Wereblood                Tmut           34%        N/A       2%          2
 Portal Projectile        Hex/Tloc       96%        N/A       2%          3
 Blink                    Tloc           54%        N/A       3%          2
 Lesser Beckoning         Tloc           54%        N/A       3%          2
 Sublimation of Blood     Necr           27%        N/A       3%          2
 Call Canine Familiar     Summ           40%        N/A       3%          3
 Vhi's Electric Charge    Tloc/Air       68%        N/A       4%          3
 Spider Form              Tmut/Pois      31%        N/A       6%          3
 Arcjolt                  Conj/Air       32%        1d42      6%          5
 Gell's Gravitas          Tloc           27%        N/A       7%          3
 Teleport Other           Tloc           27%        N/A       7%          3
 Anguish                  Hex/Necr       24%        N/A       9%          4
 Airstrike                Air            20%        2d(3-19)  12%         4
 Summon Lightning Spire   Summ/Air       40%        N/A       12%         4
 Summon Mana Viper        Hex/Summ       53%        N/A       16%         5
 Yara's Violent Unravell  Hex/Tmut       25%        3d11      19%         5
 Animate Dead             Necr           27%        N/A       22%         4
 Dispel Undead            Necr           27%        3d13      22%         4
 Manifold Assault         Tloc           27%        N/A       22%         4
 Olgreb's Toxic Radiance  Pois           27%        N/A       22%         4
 Conjure Ball Lightning   Conj/Air       32%        3x3d10    34%         6
 Blade Hands              Tmut           17%        N/A       41%         5
 Alistair's Intoxication  Tmut/Pois      20%        N/A       47%         5
 Spellforged Servitor     Conj/Summ      32%        N/A       89%         7
 Plasma Beam              Fire/Air       17%        2x1d31    94%         6
 Enfeeble                 Hex            31%        N/A       94%         7
 Eringya's Noxious Bog    Tmut/Pois      15%        N/A       96%         6
 Death Channel            Necr           13%        N/A       98%         6
 Dragon Form              Tmut           17%        N/A       100%        7
 Haunt                    Necr/Summ      17%        N/A       100%        7
 Storm Form               Tmut/Air       18%        N/A       100%        7
 Summon Hydra             Summ           20%        N/A       100%        7
 Borgnjor's Revivificati  Necr           13%        N/A       100%        8
 Infestation              Necr           13%        N/A       100%        8
 Maxwell's Capacitive Co  Air            20%        ∞         100%        8
 Necromutation            Tmut/Necr      15%        N/A       100%        8
 Death's Door             Necr           13%        N/A       100%        9
 Dragon's Call            Summ           20%        N/A       100%        9


Dungeon Overview and Level Annotations

Branches:
Dungeon (15/15)            Temple (0/1) D:5            Lair (5/5) D:9
  Swamp (4/4) Lair:3       Spider (1/4) Lair:2        Slime (0/5) Lair:4
    Orc (2/2) D:12            Elf (3/3) Orc:2        Vaults (0/5) D:13
 Depths (0/4) D:15         Bailey (visited)           IceCv (visited)
Desolation (visited)

Shops:
D:8 [   Orc:1 (   Orc:2 *!!?:(:   Elf:3 =:=

Annotations:
Lair:4 Hyssuutz's ghost, journeyman MiBe
Swamp:1 2 transporters, exclusion: obsidian statue
Elf:2 3 runed translucent doors


Innate Abilities, Weirdness & Mutations

You have an increased reservoir of magic. (+10% MP)
You shall have no god before yourself.
Your divine heritage dramatically boosts your attributes as you level up.
You have a pair of small horns on your head.


Message History

Confirm with . or Enter, or press ? or * to list all spells.
Aiming: Iron Shot (mildly dangerous; 1% risk of failure)
Press: ? - help, Shift-Dir - straight line, f/p - ghostly deep elf death mage
Aim: a ghostly deep elf death mage, wielding a +2 morningstar of draining and wearing a +0 leather armour (heavily damaged, 69% to hit)
The iron shot hits the ghostly deep elf death mage!!!
You destroy the ghostly deep elf death mage!
The deep elf master archer misses you.
Casting: Iron Shot (mildly dangerous; 1% risk of failure)
Confirm with . or Enter, or press ? or * to list all spells.
Aiming: Borgnjor's Vile Clutch (mildly dangerous; 1% risk of failure)
Press: ? - help, Shift-Dir - straight line, f - deep elf master archer
Aim: a deep elf master archer, wearing a +0 leather armour, wearing a +4 ring of protection and quivering stones (100% to hit)
Zombie hands grab the deep elf master archer.
The zombie hands constrict the deep elf master archer, but do no damage.
The deep elf master archer wields a +0 longbow.
The deep elf master archer shoots an arrow.
The arrow hits you!!!
* * * LOW HITPOINT WARNING * * *
The deep elf master archer shoots an arrow.
The arrow hits you!!
* * * LOW HITPOINT WARNING * * *
You feel much better.
The zombie hands constrict the deep elf master archer!
The deep elf master archer shoots an arrow.
The arrow barely misses you.
The deep elf master archer shoots an arrow.
The arrow closely misses you.
You feel much better.
The zombie hands constrict the deep elf master archer!
The deep elf master archer shoots an arrow.
The arrow hits you!!!
* * * LOW HITPOINT WARNING * * *
The deep elf master archer shoots an arrow.
The arrow hits you!!
* * * LOW HITPOINT WARNING * * *
You feel much better.
The zombie hands constrict the deep elf master archer!!
The deep elf master archer shoots an arrow.
The arrow hits you!!
You die...

~≈#,,.....'..........,,,,,,,,,,,,
≈≈#,,.⌠...'..........,,,,,,,,,,,,
~≈#,,.....##'########'*********+*
~≈##,....##.)'.......,,,,',,,,,,,
.~≈##...##...#.......,,,,*,,,,,,,
.~≈≈#++##....#.......,,,,*,,,,,,,
..≈≈#..#.....########*****,******
..~≈#..#....##/e..# *,,,*
<.~≈#..#...##).)@.# *,*,*
..≈≈#..'...#).)##+# *,*,*
).~≈#..###'#..*#./#### *,*,* **
..~~#..'...#.,#......###*,,,****,
.)~≈#..#...#..'....⌠....#,,,*,,,,
..~≈#..#...#######.......,,,,,,,,
..~≈#..#...#..).)........,*,,,,,,
..~≈#..#.....###.§)......***,,,,,
..~≈#..#..)#...e........e,*,,,,,,


You could see a deep elf master archer (clutched).

Vanquished Creatures
  Bai Suzhen (Swamp:3)
  Nikola (Swamp:3)
  2 tentacled monstrosities
  Jorgrun (Swamp:2)
  Mlioglotl (Swamp:2)
  2 deep elf blademasters (Elf:3)
  Kirke (Swamp:3)
  2 thorn hunters (Swamp:3)
  2 emperor scorpions
  A deep elf sorcerer (Elf:1)
  The ghost of Kisosi the Severer, a journeyman DDFi of Makhleb (Orc:1)
  3 imperial myrmidons (Desolation)
  A deep elf elementalist (Elf:1)
  3 broodmothers (Spider:1)
  2 deep elf demonologists (Elf:3)
  7 bunyips
  Azrael (D:14)
  4 eleionomae
  2 blizzard demons (IceCv)
  3 crystal guardians (Desolation)
  An ettin (Orc:1)
  A spark wasp (Spider:1)
  2 deep elf death magi (Elf:3)
  5 dire elephants (Lair:5)
  2 shambling mangroves
  2 ragged hierophants (Desolation)
  2 entropy weavers (Spider:1)
  7 peacekeepers
  4 ghost crabs
  9 servants of whispers (Desolation)
  4 vault guards
  A spriggan air mage (Swamp:2)
  6 centaur warriors
  29 hydras
  2 ogre magi
  A death knight (D:13)
  9 alligators
  A catoblepas (Lair:4)
  6 boulder beetles
  11 dancing weapons
  Erica (D:10)
  2 radroaches (Spider:1)
  11 two-headed ogres
  A death yak (Lair:5)
  2 spriggan berserkers (Swamp:2)
  An orc high priest (Orc:1)
  10 deep elf knights
  2 skysharks (Lair:4)
  3 pharaoh ants (Spider:1)
  4 goliath frogs
  3 spectral death yaks (Lair:5)
  7 spriggan druids
  10 swamp dragons
  2 deep trolls (Orc:1)
  A spectral anaconda (Lair:5)
  2 orb spiders (Spider:1)
  A lindwurm (Lair:4)
  2 obsidian statues
  9 spriggan simulacra (IceCv)
  6 orc knights
  5 bog bodies
  3 ironbound convokers (Desolation)
  14 deep elf zephyrmancers
  6 deep elf archers
  A steelbarb worm (Spider:1)
  4 necromancers
  5 wolf spiders (Spider:1)
  13 ugly things
  2 orc sorcerers
  23 deep elf pyromancers
  4 manticores
  8 cyclopes
  10 elephants (Lair:5)
  A salamander (D:15)
  2 moths of wrath (Orc:1)
  A molten gargoyle (Desolation)
  2 guardian serpents (shapeshifter)
  4 demonic crawlers (Spider:1)
  2 torpor snails (Spider:1)
  A cane toad (shapeshifter) (D:15)
  3 unseen horrors
  A black mamba (Lair:4)
  7 cane toads
  A dire elephant skeleton (Lair:5)
  2 kobold demonologists (D:14)
  2 rime drakes
  2 efreet
  6 komodo dragons
  Psyche (D:10)
  4 anaconda simulacra (IceCv)
  A tengu conjurer (D:11)
  4 freezing wraiths
  A golden dragon simulacrum (IceCv)
  5 ice devils (IceCv)
  11 trolls
  7 tyrant leeches
  A bloated husk (Swamp:1)
  A polar bear (Lair:2)
  3 meliai (D:15)
  A queen bee (Lair:2)
  16 hornets
  6 tarantellas (Spider:1)
  A spectral elephant (Lair:5)
  18 blink frogs
  35 saltlings (Desolation)
  7 culicivoras (Spider:1)
  3 vampires
  2 air elementals
  18 jumping spiders
  6 wraiths
  13 slime creatures
  3 wyverns
  5 dire elephant simulacra
  20 spriggans
  5 fire elementals
  4 water elementals
  2 hogs (Swamp:3)
  48 yaks
  25 vampire mosquitoes
  A basilisk (D:13)
  8 minotaur simulacra (IceCv)
  A steam dragon (D:8)
  11 redbacks
  2 spectral cane toads (Lair:5)
  17 swamp worms
  6 water moccasins
  A harpy simulacrum (IceCv)
  4 acid dragons
  10 wargs (Orc:1)
  35 orc warriors
  7 swamp drakes
  2 ice beasts
  2 sky beasts
  An ettin simulacrum (IceCv)
  2 alligator simulacra (IceCv)
  An elephant zombie (Lair:5)
  23 ogres
  19 centaurs
  6 kobold brigands
  7 bullfrogs
  A scorpion (D:6)
  4 earth elementals
  7 deep troll simulacra (IceCv)
  3 cane toad simulacra (Lair:5)
  12 wights
  An elephant simulacrum (Lair:5)
  28 killer bees
  4 lindwurm simulacra (IceCv)
  6 electric eels
  5 howler monkeys
  3 hounds
  A jelly (D:6)
  24 orc priests
  3 gnoll boudas
  Jessica (D:2)
  22 orc wizards
  5 iguanas
  A sleepcap (D:5)
  Robin (D:2)
  13 gnolls
  8 adders
  A shadow imp (D:5)
  A white imp (D:6)
  An ufetubus (D:5)
  A worm (D:5)
  A dart slug (D:1)
  92 orcs
  3 ball pythons
  7 endoplasms
  4 giant cockroaches
  20 goblins
  6 hobgoblins
  4 jackals (D:1)
  29 kobolds
  5 quokkas
  A bat (D:1)
  4 rats
  A briar patch (Swamp:3)
1138 creatures vanquished.

Vanquished Creatures (collateral kills)
  3 ragged hierophants (Desolation)
  A hydra (Swamp:4)
  2 peacekeepers (Desolation)
  An orc sorcerer (D:7)
  A molten gargoyle (Desolation)
  10 saltlings (Desolation)
  An orc (D:7)
19 creatures vanquished.

Vanquished Creatures (others)
  A wizard (D:7)
  A bloated husk (Swamp:4)
  A saltling (Desolation)
  A water elemental (D:15)
  4 humans (Swamp:3)
  A briar patch (Swamp:3)
  3 bushes
  39 fungi
  72 plants
  17 withered plants (Lair:5)
140 creatures vanquished.

Grand Total: 1297 creatures vanquished

Notes
Turn   | Place    | Note
-------+----------+-------------------------------------------
     0 | D:1      | manyhoops the Demigod Earth Elementalist began the quest
                  | for the Orb.
     0 | D:1      | Reached XP level 1. HP: 14/14 MP: 5/5
   144 | D:1      | Reached skill level 3 in Earth Magic
   288 | D:1      | Reached XP level 2. HP: 14/20 MP: 5/7
  1314 | D:2      | Reached XP level 3. HP: 26/26 MP: 7/9
  1317 | D:2      | Noticed Robin
  1325 | D:2      | Killed Robin
  1416 | D:2      | Noticed Jessica
  1422 | D:2      | Killed Jessica
  1423 | D:2      | Reached XP level 4. HP: 33/33 MP: 6/11
  1773 | D:2      | Identified the +14 plate armour "Weocun" {-Cast Harm rElec
                  | rN+}
  2224 | D:3      | Reached skill level 4 in Earth Magic
  2336 | D:3      | Noticed a hell beast
  3232 | D:4      | Reached XP level 5. HP: 26/38 MP: 6/13
  3961 | D:4      | Noticed an ice beast
  3969 | D:4      | Killed an ice beast
  3970 | D:4      | Reached skill level 5 in Earth Magic
  3970 | D:4      | Reached XP level 6. HP: 45/45 MP: 8/15
  4107 | D:5      | Entered Level 5 of the Dungeon
  4196 | D:5      | Found a staircase to the Ecumenical Temple.
  4219 | D:5      | Reached skill level 1 in Fighting
  4719 | D:5      | Reached XP level 7. HP: 47/57 MP: 12/17
  5303 | D:6      | Learned a level 2 spell: Passwall
  5307 | D:6      | Learned a level 3 spell: Stone Arrow
  5594 | D:6      | Reached XP level 8. HP: 67/67 MP: 14/18
  5998 | D:7      | Reached skill level 5 in Stealth
  6155 | D:7      | Learned a level 2 spell: Static Discharge
  6162 | D:7      | Noticed a wizard
  6164 | D:7      | Noticed an orc sorcerer
  6183 | D:7      | Killed an orc sorcerer
  6185 | D:7      | Killed a wizard
  6470 | D:7      | Reached skill level 1 in Conjurations
  6470 | D:7      | Reached XP level 9. HP: 72/72 MP: 15/19
  7355 | D:8      | Reached skill level 5 in Conjurations
  7363 | D:8      | Reached skill level 5 in Spellcasting
  7689 | D:8      | Noticed a two-headed ogre
  7700 | D:8      | Killed a two-headed ogre
  7701 | D:8      | Reached skill level 6 in Earth Magic
  7820 | D:8      | Found Nojist's Specialty Armours.
  8233 | D:9      | Reached XP level 10. HP: 74/80 MP: 16/22
  8695 | D:9      | Found a staircase to the Lair.
  8704 | D:9      | Reached skill level 7 in Earth Magic
  9275 | D:10     | Entered Level 10 of the Dungeon
  9295 | D:10     | Found a flagged portal.
  9302 | Bailey   | Entered a bailey
  9333 | Bailey   | Reached skill level 5 in Fighting
  9828 | Bailey   | Reached skill level 5 in Dodging
  9914 | Bailey   | Noticed an orc knight
  9923 | Bailey   | Killed an orc knight
  9951 | Bailey   | Noticed an orc knight
  9966 | Bailey   | Killed an orc knight
 10091 | Bailey   | Acquired 1240 gold pieces
 10140 | Bailey   | Noticed an orc knight
 10166 | Bailey   | Killed an orc knight
 10658 | D:10     | Noticed Psyche
 10664 | D:10     | Killed Psyche
 10844 | D:10     | Noticed Erica
 10848 | D:10     | Killed Erica
 10849 | D:10     | Reached XP level 11. HP: 50/89 MP: 11/24
 11461 | D:11     | Reached skill level 5 in Evocations
 11627 | D:11     | Noticed a centaur warrior
 11632 | D:11     | Gained mutation: Your spells are a little easier to cast,
                  | but a little less powerful. [potion of mutation]
 11632 | D:11     | Gained mutation: Your flesh is heat resistant. (rF+)
                  | [potion of mutation]
 11632 | D:11     | Gained mutation: Your spells are easier to cast, but less
                  | powerful. [potion of mutation]
 11642 | D:10     | Learned a level 4 spell: Summon Lightning Spire
 11647 | D:10     | Learned a level 4 spell: Cause Fear
 11742 | Lair:1   | Entered Level 1 of the Lair of Beasts
 11868 | Lair:1   | Reached skill level 1 in Summonings
 11868 | Lair:1   | Reached skill level 1 in Air Magic
 11991 | Lair:1   | Lost mutation: Your flesh is heat resistant. (rF+) [potion
                  | of mutation]
 11991 | Lair:1   | Lost mutation: Your spells are easier to cast, but less
                  | powerful. [potion of mutation]
 11991 | Lair:1   | Gained mutation: Your flesh is heat resistant. (rF+)
                  | [potion of mutation]
 12276 | Lair:1   | Lost mutation: Your spells are a little easier to cast, but
                  | a little less powerful. [potion of mutation]
 12276 | Lair:1   | Lost mutation: Your flesh is heat resistant. (rF+) [potion
                  | of mutation]
 12276 | Lair:1   | Gained mutation: You have a pair of small horns on your
                  | head. [potion of mutation]
 13507 | Lair:2   | Found a hole to the Spider Nest.
 13904 | Lair:2   | Reached skill level 10 in Stealth
 14424 | Lair:2   | Got the Volume of Turbulent Talus
 14657 | Lair:3   | Learned a level 5 spell: Lee's Rapid Deconstruction
 14688 | Lair:3   | Learned a level 4 spell: Petrify
 14843 | Lair:3   | Reached XP level 12. HP: 95/100 MP: 18/26
 14914 | Lair:3   | Reached skill level 8 in Earth Magic
 15268 | Lair:3   | Reached skill level 11 in Earth Magic
 15268 | Lair:3   | Reached XP level 13. HP: 105/105 MP: 27/27
 15677 | Lair:3   | Identified the +11 long sword of Theory {drain, *Rage
                  | +Blink rPois}
 15978 | Lair:3   | Found a staircase to the Swamp.
 16201 | Lair:4   | Reached skill level 12 in Earth Magic
 16878 | Lair:4   | Found a staircase to the Slime Pits.
 16880 | Lair:4   | Noticed Hyssuutz's ghost (journeyman MiBe)
 16889 | Lair:4   | Found a runed translucent door.
 16901 | Lair:4   | Reached skill level 1 in Hexes
 17929 | D:11     | Acquired a staff of earth
 18421 | D:12     | Acquired the +3 buckler of Gozag's Pride {rPois rN+ Will+
                  | Slay-5}
 18644 | D:12     | Reached skill level 1 in Shields
 18806 | D:12     | Found a staircase to the Orcish Mines.
 19875 | D:12     | Reached skill level 5 in Shields
 20849 | D:12     | Learned a level 3 spell: Mephitic Cloud
 21248 | Orc:1    | Entered Level 1 of the Orcish Mines
 21514 | D:12     | Reached XP level 14. HP: 113/113 MP: 4/28
 22167 | D:12     | Reached skill level 13 in Earth Magic
 23515 | Orc:2    | Entered Level 2 of the Orcish Mines
 24334 | Orc:2    | Reached skill level 14 in Earth Magic
 25020 | Orc:2    | Found Nat Pamu's Magic Scroll Shop.
 25367 | Orc:2    | Found Munoiluc's Weapon Shop.
 25368 | Orc:2    | Found Paitua's Book Emporium.
 25370 | Orc:2    | Bought a scroll of fear for 60 gold pieces
 25370 | Orc:2    | Bought a scroll of enchant armour for 112 gold pieces
 25370 | Orc:2    | Bought a scroll of magic mapping for 112 gold pieces
 25418 | Orc:2    | Found a staircase to the Elven Halls.
 25424 | Orc:2    | Found Homi's Book Boutique.
 25444 | Orc:2    | Bought Great Wizards, Vol. II for 570 gold pieces
 25444 | Orc:2    | Bought a book of Iron for 540 gold pieces
 25449 | Orc:2    | Reached skill level 5 in Hexes
 25527 | Orc:2    | Found Dyared's General Store.
 25529 | Orc:2    | Found Zestuitt's Distillery.
 25531 | Orc:2    | Found Sokkiysu's Distillery.
 25535 | Orc:2    | Bought a ring of magical power for 260 gold pieces
 25535 | Orc:2    | Bought a potion of mutation for 104 gold pieces
 25578 | Orc:2    | Bought a potion of heal wounds for 75 gold pieces
 25578 | Orc:2    | Bought a potion of heal wounds for 75 gold pieces
 25578 | Orc:2    | Bought 2 potions of magic for 240 gold pieces
 25578 | Orc:2    | Bought a potion of mutation for 120 gold pieces
 25578 | Orc:2    | Bought a potion of heal wounds for 75 gold pieces
 25578 | Orc:2    | Bought a potion of curing for 45 gold pieces
 25581 | Orc:2    | Bought a potion of curing for 39 gold pieces
 25581 | Orc:2    | Bought a potion of mutation for 104 gold pieces
 25581 | Orc:2    | Bought a potion of curing for 39 gold pieces
 26124 | Orc:1    | Found Ferioc's Antique Weapon Emporium.
 26148 | Orc:1    | Found a transporter.
 26291 | Orc:1    | Found a transporter.
 26459 | D:13     | Learned a level 6 spell: Iron Shot
 26790 | D:13     | You fall into a shaft and drop 1 floor!
 27596 | D:14     | Noticed Azrael
 27669 | D:14     | Killed Azrael
 28434 | D:15     | Entered Level 15 of the Dungeon
 29223 | D:15     | Found a staircase to the Depths.
 29226 | D:15     | Noticed an emperor scorpion
 29228 | D:15     | Reached skill level 10 in Spellcasting
 29233 | D:15     | Killed an emperor scorpion
 29421 | D:13     | Found a gate to the Vaults.
 29424 | D:13     | Reached XP level 15. HP: 113/118 MP: 31/34
 31563 | Lair:5   | Entered Level 5 of the Lair of Beasts
 31828 | Lair:5   | Acquired 561 gold pieces
 32026 | Orc:2    | Bought a potion of experience for 750 gold pieces
 32026 | Orc:2    | Reached XP level 16. HP: 126/126 MP: 36/36
 33305 | Lair:5   | Reached skill level 15 in Earth Magic
 33679 | Lair:5   | Got Kikubaaqudgh's Volume of Gloom
 33712 | Lair:5   | Learned a level 5 spell: Borgnjor's Vile Clutch
 34990 | Swamp:1  | Entered Level 1 of the Swamp
 35075 | Lair:3   | Reached skill level 16 in Earth Magic
 35773 | Swamp:1  | Found a transporter.
 35776 | Swamp:1  | Noticed a tentacled monstrosity
 35777 | Swamp:1  | Noticed a tentacled monstrosity
 35790 | Swamp:1  | Identified the amulet of Osibu {Spirit rElec Int+3}
 35794 | Swamp:1  | Found a transporter.
 36115 | Swamp:1  | Noticed a tentacled monstrosity
 36119 | Swamp:1  | Killed a tentacled monstrosity
 37046 | Swamp:2  | Noticed a tentacled monstrosity
 37054 | Swamp:2  | Killed a tentacled monstrosity
 37111 | Swamp:2  | Noticed Jorgrun
 37113 | Swamp:2  | Noticed Mlioglotl
 37117 | Swamp:2  | Killed Jorgrun
 37123 | Swamp:2  | Killed Mlioglotl
 37124 | Swamp:2  | Reached XP level 17. HP: 135/136 MP: 6/37
 37600 | Orc:1    | Noticed Kisosi's ghost (journeyman DDFi)
 37634 | Orc:1    | Killed Kisosi's ghost
 37693 | Orc:1    | Identified the amulet of the Inquisitive Quests {rF+
                  | Regen+}
 37730 | Orc:1    | Bought a pitted quarterstaff for 207 gold pieces
 37730 | Orc:1    | Identified the +3 quarterstaff "Wyhotar" {pain, rF+ Int+2
                  | Dex+3} (You bought it in a shop on level 1 of the Orcish
                  | Mines)
 37730 | Orc:1    | Bought a transparent long sword for 195 gold pieces
 37730 | Orc:1    | Identified the +10 long sword of the Walnut {freeze, Str+7}
                  | (You bought it in a shop on level 1 of the Orcish Mines)
 37948 | Swamp:2  | Identified the +0 scale mail of the Pit {rElec rF- Regen+
                  | Str+6}
 38365 | Swamp:3  | Noticed Nikola
 38373 | Swamp:3  | Killed Nikola
 38667 | Swamp:3  | Noticed Kirke
 38674 | Swamp:3  | Killed Kirke
 38734 | Swamp:3  | Noticed Bai Suzhen
 38742 | Swamp:3  | Killed Bai Suzhen
 39130 | Swamp:3  | Reached skill level 10 in Fighting
 39598 | Swamp:4  | Entered Level 4 of the Swamp
 39686 | Swamp:2  | Paralysed by a hornet for 2 turns
 41641 | Swamp:4  | Got a decaying rune of Zot
 41893 | Spider:1 | Entered Level 1 of the Spider Nest
 42010 | Spider:1 | Found a frozen archway.
 42026 | IceCv    | Entered an ice cave
 43038 | IceCv    | Reached XP level 18. HP: 144/154 MP: 38/38
 43795 | Spider:1 | Reached skill level 17 in Earth Magic
 45863 | Elf:1    | Entered Level 1 of the Elven Halls
 45947 | Elf:1    | Learned a level 3 spell: Inner Flame
 45955 | Elf:1    | Paralysed by an air elemental for 1 turns
 46102 | Elf:1    | Found a crumbling gateway.
 46164 | Desolati | Entered the Desolation of Salt
 46367 | Desolati | Found the macabre finger necklace {Finger+ rN+}
 46373 | Desolati | Identified the +10 battleaxe of Certain Death {vamp, rPois
                  | rF- Str-3 Dex+5}
 46374 | Desolati | Identified the ring "Xicar" {rF+ Dex+2 Slay+3}
 46419 | Desolati | Identified the +6 scimitar of Giegy {elec, rF+ MP+9 Stlth+}
 46968 | Desolati | Identified the +9 spear "Keguumn" {vamp, rC- Str+4 Int+7}
 46971 | Desolati | Identified the +9 morningstar "Ameboes" {venom, rElec rPois
                  | Str+2 Int+2}
 46982 | Desolati | Got Sif Muna's Vellum of the Forceful Boggart
 47393 | Desolati | Identified the +6 spear of Hubris {freeze, Fragile rC++
                  | Str+3 Int+3}
 47410 | Desolati | HP: 6/154 [servant of whispers/bolt of lightning (27)]
 47656 | Desolati | Identified the +6 quarterstaff "Esapniwnu" {antimagic,
                  | Dex+3}
 49104 | Elf:2    | Reached skill level 18 in Earth Magic
 49145 | Elf:2    | Found a runed translucent gate.
 49145 | Elf:2    | Found a runed translucent gate.
 49146 | Elf:2    | Found a runed translucent gate.
 49247 | Elf:2    | Reached XP level 19. HP: 160/160 MP: 28/41
 49615 | Elf:3    | Entered Level 3 of the Elven Halls
 49617 | Elf:3    | Paralysed by an air elemental for 1 turns
 49803 | Elf:3    | Found Boimaby's Jewellery Emporium.
 49803 | Elf:3    | Found Xenwal's Book Boutique.
 49804 | Elf:3    | Found Uqosil's Jewellery Emporium.
 50470 | Elf:3    | HP: 4/153 [deep elf master archer/arrow (20)]
 50471 | Elf:3    | Shot with an arrow by a deep elf master archer

Illustrated notes

Levels and vault maps discovered:
D:1:      shiori_shiawase, layout_loops_corners
D:2:      layout_basic, st_stairs_5, guppyfry_early_lair_pool, uniq_jessica,
          uniq_sigmund, uniq_robin
D:3:      layout_loops_corners, mainiacjoe_overflow_small_starburst,
          dreamdust_ecumenical_altar_sealed_demon, serial_forest,
          infiniplex_forest_end_2, infiniplex_forest_end_2,
          infiniplex_forest_straight_2, infiniplex_forest_clump_small,
          infiniplex_forest_clump_tiny, infiniplex_forest_clump_double,
          infiniplex_forest_end_1, infiniplex_forest_clump_medium
D:4:      layout_basic
D:5:      layout_basic, minmay_temple_entry_mini_moons
D:6:      layout_rooms, dreamdust_princess_corridor
D:7:      cheibrodos_wizards_tower, layout_basic
D:8:      layout_loops_ring, minitemple, nicolae_barding_shop
D:9:      layout_irregular_city, david_lair_shrubbed
D:10:     layout_irregular_city, mainiacjoe_overflow_24_doors, enter_bailey_3,
          hangedman_decor_push, uniq_erica, uniq_psyche
D:11:     hellmonk_destroyed_diamonds, layout_basic
D:12:     layout_gridville, orc_0_dummy, onia_ninara_dug_in_and_dangerous
D:13:     layout_roguey, lightli_vaults_fourway_checkpoint
D:14:     layout_cave_pods, uniq_azrael
D:15:     hangedman_depths_entry_try_elsewhere_first, layout_basic,
          chequers_serial_rivers_marsh
Lair:1:   layout_cave_pods, lemuel_fruit_tree
Lair:2:   layout_roguey [special_room_bee], spider_nest_entry_funnel_web,
          infiniplex_staircase_pool
Lair:3:   layout_roguey, palyth_hydra_swamp_entry, grunt_megastairs_1
Lair:4:   layout_misc_corridors, slime_entry_1, hellmonk_ghost_happy_afterlife
Lair:5:   due_jungle_book, layout_cave_pods, serial_bayou_shore_b
Swamp:1:  gammafunk_sealed_arena, layout_basic_swamp, hangedman_swamp_cone
Swamp:2:  nicolae_swamp_secret_spriggan_hideout, layout_falls_marsh,
          evilmike_swamp_ruin_house_2, uniq_jorgrun, uniq_mlioglotl
Swamp:3:  layout_basic_swamp, evilmike_swamp_ruin_house_1, uniq_bai_suzhen,
          uniq_nikola, uniq_kirke
Swamp:4:  swamp, layout_basic_swamp
Spider:1: nicolae_spider_brood_tunnel, portal_ice_cave_entry_pillars_four,
          nicolae_spider_not_touching_you
Orc:1:    layout_caves, serial_shops, shop, special_room [special_room_orc],
          gammafunk_ghost_berserking_beasts, minmay_orc_temple_c
Orc:2:    st_orc_open, layout_caves, serial_shops, shop,
          nicolae_shop_tiny_real_fake_doors, shop
Elf:1:    minmay_elf_arrival_summoners, layout_geoelf_diagonals,
          portal_desolation_entry_twin_temple,
          hangedman_elven_crosses_minicolossus
Elf:2:    elven_hall_of_blades_hangedman_original
          [infiniplex_blade_entry_pillars], layout_geoelf_octagon, uniq_louise
Elf:3:    grunt_elf_hall_branching, layout_geoelf_castle, minmay_shop_grove

Skill      XL: |  1  2  3  4  5  6  7  8  9 10 11 12 13 14 15 16 17 18 19 |
---------------+----------------------------------------------------------+-----
Earth Magic    | 3 4 5 6 7 11 12 14 16 18 | 18.1
Spellcasting   | 2 3 4 5 6 7 10 11 13 | 13.4
Fighting       | 3 4 6 7 8 12 | 12.0
Stealth        | 4 8 10 11 14 | 14.0
Dodging        | 2 3 5 7 |  7.0
Conjurations   | 1 5 8 9 |  9.6
Evocations     | 4 5 9 |  9.2
Summonings     | 1 |  1.6
Air Magic      | 1 |  1.6
Hexes          | 3 5 |  5.0
Shields        | 6 |  6.9
Transmutations | |  0.8

Action                     |  1- 3 |  4- 6 |  7- 9 | 10-12 | 13-15 | 16-18 | 19-21 || total
---------------------------+-------+-------+-------+-------+-------+-------+-------++-------
  Melee: Whip              |       |    11 |    12 |       |       |       |       ||    23
         Punch             |       |     2 |       |       |     1 |       |       ||     3
         Morningstar       |       |       |     7 |    30 |       |       |       ||    37
         Scimitar          |       |       |       |    15 |     9 |     3 |     1 ||    28
         Headbutt          |       |       |       |     1 |     8 |     6 |       ||    15
         Staff             |       |       |       |       |    72 |    18 |       ||    90
   Cast: Sandblast         |    58 |    81 |   147 |   235 |   250 |    34 |     7 ||   812
         Stone Arrow       |       |       |     6 |    88 |   376 |   556 |    40 ||  1066
         Static Discharge  |       |       |    12 |    22 |     8 |       |       ||    42
         Lee's Rapid Decon |       |       |       |     5 |    76 |    21 |       ||   102
         Petrify           |       |       |       |       |    19 |     1 |       ||    20
         Iron Shot         |       |       |       |       |    59 |   430 |    42 ||   531
         Cause Fear        |       |       |       |       |     4 |    13 |       ||    17
         Borgnjor's Vile C |       |       |       |       |       |     9 |     2 ||    11
  Evoke: Wand              |       |       |       |     6 |     7 |    12 |       ||    25
    Use: Scroll            |     3 |     3 |    10 |    12 |    10 |    21 |     3 ||    62
         Potion            |     1 |     1 |     2 |    10 |     3 |     4 |     6 ||    27
   Stab: Sleeping          |       |       |       |       |     1 |     1 |       ||     2
 Armour: Robe              |     5 |     4 |       |       |       |    41 |       ||    50
         Troll leather arm |       |     8 |    48 |   126 |   158 |   322 |    17 ||   679
  Dodge: Dodged            |    16 |    23 |    75 |   307 |   297 |   402 |    29 ||  1149
  Block: Other             |       |       |       |     4 |    11 |       |       ||    15
         Buckler           |       |       |       |       |   377 |   342 |    19 ||   738
         Reflection        |       |       |       |       |    64 |     1 |       ||    65
